Map: Torches LE

Players

ManlyManMeat

  • Race: Protoss Protoss
  • League: Master
  • Spawn Location: 1:00

VOD

Have the link to the VOD?

Description

Time

  • Played on: May 26, 2025, 7:34 a.m.
  • Length: 30:34
Show
View Real Time Build Order
Export as new Build Order

ManlyManMeat Protoss 

Build Orders:  

Get SALT Encoding   

  12  0:02  Probe (Chrono Boost)  
  13  0:19  Probe (Chrono Boost)  
  14  0:29  Pylon  
  14  0:38  Probe (Chrono Boost)  
  15  0:51  Probe (Chrono Boost)  
  16  1:03  Probe (Chrono Boost)  
  16  1:06  Gateway  
  18  1:20  Probe (Chrono Boost)  
  18  1:22  Gateway  
  18  1:29  Assimilator  
  18  1:37  Probe (Chrono Boost)  
  19  2:03  Probe (Chrono Boost)  
  20  2:21  Cybernetics Core  
  20  2:32  Nexus  
  21  2:40  Probe (Chrono Boost)  
  21  2:47  Zealot  
  23  3:09  Pylon  
  23  3:20  Stalker  
  23  3:23  Pylon  
  23  3:36  Probe (Chrono Boost)  
  28  3:53  Probe (Chrono Boost)  
  29  4:01  Zealot  
  29  4:02  Stalker  
  32  4:10  Probe x2 (Chrono Boost)  
  32  4:11  Pylon  
  32  4:18  Warp Gate  
  33  4:27  Probe (Chrono Boost)  
  33  4:29  Probe (Chrono Boost)  
  34  4:35  Stalker  
  37  4:40  Probe (Chrono Boost)  
  37  4:44  Probe (Chrono Boost)  
  37  4:45  Twilight Council  
  39  4:59  Stalker  
  39  5:09  Assimilator  
  41  5:12  Assimilator  
  41  5:14  Assimilator  
  43  5:21  Probe x2 (Chrono Boost)  
  43  5:38  Probe (Chrono Boost)  
  45  5:40  Probe (Chrono Boost)  
  45  5:44  Nexus  
  45  5:57  Pylon  
  45  5:58  Probe (Chrono Boost)  
  45  6:03  Probe (Chrono Boost)  
  38  6:10  Probe (Chrono Boost)  
  49  6:20  Probe (Chrono Boost)  
  49  6:24  Probe (Chrono Boost)  
  49  6:28  Stalker x2  
  54  6:37  Probe (Chrono Boost)  
  54  6:38  Robotics Facility  
  56  6:41  Probe (Chrono Boost)  
  56  6:47  Stargate  
  56  6:53  Probe (Chrono Boost)  
  56  6:54  Probe (Chrono Boost)  
  58  7:04  Stalker  
  58  7:05  Probe (Chrono Boost)  
  62  7:11  Probe (Chrono Boost)  
  62  7:17  Probe (Chrono Boost)  
  63  7:28  Probe (Chrono Boost)  
  64  7:31  Probe (Chrono Boost)  
  64  7:36  Probe (Chrono Boost)  
  64  7:39  Stalker  
  68  7:41  Observer  
  68  7:42  Probe (Chrono Boost)  
  68  7:45  Probe (Chrono Boost)  
  71  7:53  Probe (Chrono Boost)  
  71  7:59  Robotics Bay  
  72  8:03  Forge  
  72  8:06  Forge  
  72  8:09  Pylon, Probe (Chrono Boost)  
  74  8:10  Probe (Chrono Boost)  
  74  8:11  Probe (Chrono Boost)  
  75  8:27  Pylon  
  75  8:32  Pylon  
  77  8:40  Assimilator, Probe x2 (Chrono Boost)  
  77  8:43  Assimilator  
  77  8:44  Pylon  
  78  8:50  Probe (Chrono Boost)  
  78  8:53  Photon Cannon  
  78  8:55  Blink  
  78  8:57  Probe (Chrono Boost)  
  79  9:01  Gateway x2  
  79  9:06  Probe (Chrono Boost)  
  79  9:08  Probe (Chrono Boost)  
  81  9:11  Gateway  
  81  9:14  Probe (Chrono Boost)  
  81  9:15  Protoss Ground Weapons Level 1  
  81  9:16  Protoss Ground Armor Level 1, Shield Battery  
  82  9:23  Probe (Chrono Boost)  
  83  9:34  Dark Shrine  
  83  9:39  Probe (Chrono Boost)  
  86  9:40  Probe x2 (Chrono Boost)  
  86  9:49  Pylon  
  86  9:51  Pylon  
  86  9:55  Nexus  
  86  10:12  Colossus  
  86  10:13  Extended Thermal Lance  
  86  10:15  Gateway x2  
  92  10:25  Stalker  
  92  10:26  Stalker  
  96  10:37  Probe x3 (Chrono Boost)  
  99  10:54  Probe (Chrono Boost)  
  99  10:59  Assimilator  
  100  11:03  Pylon  
  100  11:06  Probe x2 (Chrono Boost)  
  100  11:09  Stalker x5, Pylon  
  113  11:11  Probe (Chrono Boost)  
  113  11:17  Probe (Chrono Boost)  
  113  11:23  Probe (Chrono Boost)  
  113  11:28  Probe (Chrono Boost)  
  116  11:34  Colossus  
  116  11:39  Oracle  
  125  11:42  Gateway  
  125  11:45  Gateway  
  125  11:46  Gateway  
  125  11:51  Gateway  
  125  12:02  Assimilator  
  125  12:03  Protoss Ground Armor Level 2, Protoss Ground Weapons Level 2  
  124  12:12  Gateway  
  124  12:13  Gateway  
  126  12:21  Probe (Chrono Boost)  
  126  12:22  Probe x3 (Chrono Boost)  
  126  12:28  Colossus  
  127  12:38  Probe x2 (Chrono Boost)  
  127  12:39  Probe x2 (Chrono Boost)  
  137  12:51  Gravitic Boosters  
  137  13:08  Fleet Beacon  
  137  13:18  Probe (Chrono Boost)  
  137  13:19  Probe x3 (Chrono Boost)  
  141  13:35  Probe (Chrono Boost)  
  141  13:37  Zealot x11  
  164  13:40  Pylon  
  164  13:43  Pylon  
  164  13:45  Pylon  
  164  13:47  Charge, Pylon  
  164  13:54  Colossus  
  164  14:06  Forge  
  164  14:07  Oracle  
  173  14:47  Robotics Facility  
  173  14:49  Robotics Facility  
  173  14:53  Robotics Facility  
  173  14:55  Colossus  
  173  15:01  Protoss Shields Level 1  
  173  15:02  Protoss Ground Armor Level 3  
  173  15:09  Protoss Ground Weapons Level 3  
  170  16:02  Zealot x3  
  170  16:03  Zealot x5  
  170  16:04  Zealot x4  
  170  16:05  Zealot  
  196  16:32  Carrier  
  153  17:04  Observer  
  153  17:08  Observer  
  153  17:09  Observer x2  
  105  18:08  Observer  
  101  18:11  Carrier  
  101  18:12  Observer x2  
  101  18:13  Observer  
  105  18:26  Protoss Shields Level 2  
  105  18:31  Observer  
  105  18:39  Observer  
  113  18:40  Observer  
  105  18:41  Observer  
  115  18:53  Pylon  
  115  18:55  Pylon  
  115  19:20  Observer x2  
  115  19:21  Observer  
  118  19:31  Nexus  
  118  19:36  Observer  
  118  19:38  Observer  
  118  19:40  Nexus  
  118  19:41  Nexus  
  118  19:45  Observer x2  
  118  19:46  Observer  
  119  19:51  Observer x19  
  122  20:14  Observer x8  
  121  20:26  Observer  
  121  20:27  Observer x3  
  125  20:44  Observer x3  
  125  20:52  Observer  
  129  21:03  Observer  
  129  21:04  Observer x2  
  129  21:16  Observer  
  131  21:38  Observer x3  
  130  21:51  Observer  
  127  22:59  Pylon x2  
  126  23:04  Pylon  
  126  23:16  Pylon  
  126  23:23  Gateway  
  126  23:24  Pylon  
  126  23:26  Gateway  
  126  23:27  Gateway  
  126  23:28  Gateway  
  126  23:29  Gateway x2  
  126  23:30  Gateway  
  126  23:31  Gateway  
  126  23:33  Gateway  
  126  23:34  Gateway  
  126  23:35  Gateway x2  
  126  23:36  Gateway  
  126  23:37  Gateway  
  126  23:41  Gateway x3  
  126  23:43  Gateway x2  
  126  23:44  Gateway  
  126  23:50  Gateway  
  126  23:51  Gateway  
  126  24:20  Gateway  
  126  24:22  Gateway  
  126  24:26  Gateway  
  126  24:33  Gateway  
  126  24:34  Gateway  
  126  24:37  Gateway x2  
  125  25:17  Gateway  
  125  25:18  Gateway  
  125  25:20  Gateway x2  
  125  25:24  Gateway  
  125  25:27  Gateway  
  125  25:31  Gateway  
  125  25:33  Gateway  
  125  25:36  Pylon  
  125  25:39  Pylon  
  125  25:43  Pylon  
  125  25:45  Pylon, Assimilator  
  125  25:48  Assimilator  
  125  25:51  Pylon  
  125  26:05  Gateway  
  125  26:07  Gateway  
  125  26:08  Gateway  
  125  26:09  Gateway  
  125  26:16  Gateway  
  125  26:21  Gateway  
  125  26:24  Gateway  
  125  26:26  Gateway  
  125  26:30  Gateway  
  125  26:31  Gateway  
  125  26:36  Gateway  
  125  26:39  Gateway  
  125  26:41  Gateway  
  125  26:44  Gateway  
  125  26:46  Gateway  
  125  26:50  Gateway  
  125  26:54  Gateway  
  125  26:55  Gateway  
  125  26:57  Gateway  
  125  27:01  Gateway  
  125  27:02  Gateway  
  125  27:34  Gateway  
  125  27:37  Gateway  
  125  27:39  Gateway  
  125  27:43  Gateway  
  125  27:45  Gateway  
  125  27:47  Gateway  
  125  27:49  Gateway x2  
  125  27:53  Gateway x2  
  125  27:56  Gateway  
  125  27:58  Gateway  
  124  28:01  Gateway  
  124  28:09  Gateway  
  124  28:12  Gateway, Pylon  
  124  28:15  Pylon  
  122  29:02  Zealot x7  
  122  29:03  Zealot x5  
  122  29:04  Zealot x7  
  122  29:05  Zealot x4  
  122  29:06  Zealot x11  
  122  29:07  Zealot x5  
Tags
 
League
Master
Matchup
Co-op
Add a new tag
Caveats
  • Supply blocks, unpowered buildings, or Contaminate may cause inaccurate times.
  • Supply counts are checked every 10 seconds.